 Dungeon Crawl Stone Soup version 0.29-a0-121-g8efb068a30 (webtiles) character file.

Game seed: 14672272284210268790

84 Gargoyl the Skirmisher (level 4, -22/30 HPs)
             Began as a Gargoyle Abyssal Knight on Feb 20, 2022.
             Was a Believer of Lugonu.
             Annihilated by an ogre (24 damage)
             ... on level 3 of the Dungeon.
             The game lasted 00:02:37 (2196 turns).

Gargoyl the Skirmisher (Gargoyle Abyssal Knight)    Turns: 2196, Time: 00:02:38

Health: -22/30     AC: 12    Str: 22    XL:     4   Next: 45%
Magic:  5/5        EV:  8    Int: 10    God:    Lugonu [**....]
Gold:   95         SH:  0    Dex: 12    Spells: 3/3 levels left

rFire   . . .      SeeInvis .   b - +1 long sword (vamp)
rCold   + . .      Faith    .   (no shield)
rNeg    + . .      Spirit   .   h - +0 chain mail
rPois   ∞          Reflect  .   (no helmet)
rElec   +          Harm     .   (no cloak)
rCorr   .          Rampage  .   (no gloves)
Will    +....                   (no boots)
Stlth   ..........              (no amulet)
HPRegen 0.10/turn               d - ring "Duacuy" {rC+ Will+ Str+3 Dex+2 Stlth+}
MPRegen 0.09/turn               (no ring)

@: no status effects
A: sickness immunity, AC +3, negative energy resistance 1, electricity
resistance, torment resistance 1, petrification resistance
a: Renounce Religion, Depart the Abyss, Bend Space


You were on level 3 of the Dungeon.
You worshipped Lugonu.
Lugonu was pleased with you.
You visited 1 branch of the dungeon, and saw 3 of its levels.
You visited the Abyss 1 time.

You collected 95 gold pieces.

Inventory:

Hand Weapons
 a - a +2 hand axe
 b - a +1 vampiric long sword (weapon)
Armour
 h - a +0 chain mail (worn)
Jewellery
 d - the ring "Duacuy" (left hand) {rC+ Will+ Str+3 Dex+2 Stlth+}
   (You acquired it on level 3 of the Dungeon)

   [ring of willpower]

   Str:       It affects your strength (+3).
   Dex:       It affects your dexterity (+2).
   rC:        It protects you from cold.
   Will:      It increases your willpower.
   Stlth:     It makes you more stealthy.
Wands
 g - a wand of charming (9)
Potions
 c - a potion of heal wounds


   Skills:
 + Level 4.4 Fighting
 + Level 0.6 Long Blades
 + Level 2.3 Axes
 + Level 2.3 Armour
 + Level 1.2 Dodging
 * Level 2.5 Invocations


You had 3 spell levels left.
You didn't know any spells.
Your spell library contained the following spells:

 Spells                   Type           Power      Damage    Failure   Level
 Dazzling Flash           Conj/Hex       0%         N/A       100%        3
 Portal Projectile        Hex/Tloc       0%         N/A       100%        3
 Agony                    Necr           0%         N/A       100%        5
 Blade Hands              Tmut           0%         N/A       100%        5
 Excruciating Wounds      Necr           0%         N/A       100%        5
 Silence                  Hex/Air        0%         N/A       100%        5


Dungeon Overview and Level Annotations

Branches:
Dungeon (3/15)

Altars:
Hepliaklqana


Innate Abilities, Weirdness & Mutations

You are immune to sickness and miasma.
Your stone body is resilient. (AC +3)
You are immune to poison.
You resist negative energy. (rN+)
You are resistant to electric shocks. (rElec)
You are resistant to unholy torment.
You are immune to petrification.


Message History

What level of the Dungeon? (default 1, ? - help)
There is a stone staircase leading down here.
You climb downwards.
There is a stone staircase leading up here.
This is a scroll of acquirement!
Something appears at your feet!
d - the ring "Duacuy" {rC+ Will+ Str+3 Dex+2 Stlth+} You feel stronger.
You feel agile.
d - the ring "Duacuy" (left hand) {rC+ Will+ Str+3 Dex+2 Stlth+}
As you read the scroll labelled KUCKIU WOELLIEJ, it crumbles to dust.
You feel strangely unstable.
It was a scroll of teleportation.
As you read the scroll labelled MEBEAV BASESMU, it crumbles to dust.
Your body is wracked with pain!
It was a scroll of torment.
Your surroundings suddenly seem different.
An ogre and a ball python come into view.
Found 13 gold pieces.
The ogre shouts!
There are monsters nearby!
There are monsters nearby!
Aiming: Charm
Press: ? - help, Shift-Dir - straight line, f - ogre
Aim: an ogre, wielding a +0 giant club (chance to affect: 49%)
The ogre resists with some effort.
Unknown command.
You hit the ball python.
You feel better.
The ball python is heavily wounded.
The ball python bites you but does no damage.
The ball python grabs you. The ball python constricts you.
The ball python bites you but does no damage.
The ball python constricts you.
You slash the ball python!
You kill the ball python!
Lugonu accepts your kill.
You can now bend space around yourself.
The ogre hits you with a +0 giant club!
You hit the ogre but do no damage. The ogre hits you with a +0 giant club!
Ouch! That really hurt!
* * * LOW HITPOINT WARNING * * *
The ogre hits you with a +0 giant club!!
Ouch! That really hurt!
You die...

###$######
##........
#........#
#........#
#........#
#........#
#..O.....#
#...@....#
#........#
##########


You could see an ogre.

Vanquished Creatures
  2 adders (D:2)
  4 dart slugs
  8 ball pythons
  4 endoplasms
  3 giant cockroaches
  3 goblins
  5 hobgoblins
  3 jackals (D:1)
  5 quokkas
  4 bats
  2 frilled lizards
  4 kobolds
  5 rats
52 creatures vanquished.

Notes
Turn   | Place    | Note
-------+----------+-------------------------------------------
     0 | Abyss:1  | Gargoyl the Gargoyle Abyssal Knight began the quest for the
                  | Orb.
     0 | Abyss:1  | Reached XP level 1. HP: 14/14 MP: 2/2
     0 | D:1      | Escaped the Abyss
   267 | D:1      | Reached XP level 2. HP: 10/20 MP: 3/3
   494 | D:1      | Reached skill level 4 in Fighting
   545 | D:1      | Found a faded altar of an unknown god.
   688 | D:1      | Reached * piety under Lugonu
   693 | D:1      | Reached XP level 3. HP: 16/24 MP: 4/4
   964 | D:1      | Reached skill level 1 in Dodging
  1561 | D:2      | Found a hazy altar of Hepliaklqana.
  1688 | D:2      | Reached XP level 4. HP: 29/30 MP: 5/5
  2183 | D:3      | Identified a scroll of acquirement
  2183 | D:3      | Acquired the ring "Duacuy" {rC+ Will+ Str+3 Dex+2 Stlth+}
  2190 | D:3      | Noticed an ogre
  2195 | D:3      | Reached ** piety under Lugonu
  2196 | D:3      | Annihilated by an ogre

Illustrated notes

Levels and vault maps discovered:
D:1:      evilmike_arrival_crescent, layout_basic,
          hellmonk_ecumenical_altar_heavens_door
D:2:      layout_basic, basic_altar
D:3:      layout_basic, uniq_pargi, uniq_sigmund

Skill      XL: |  1  2  3 |
---------------+----------+-----
Fighting       | 4 |  4.4
Axes           | 2 |  2.3
Dodging        | 1 |  1.2
Long Blades    | |  0.6
Armour         | |  2.3
Invocations    | |  2.5

Action                   |  1- 3 |  4- 6 || total
-------------------------+-------+-------++-------
Melee: Hand axe          |    86 |       ||    86
       Long sword        |    20 |    32 ||    52
       Punch             |     1 |       ||     1
Invok: Depart the Abyss  |     1 |       ||     1
Evoke: Wand              |       |     1 ||     1
  Use: Scroll            |     2 |     3 ||     5
Armor: Leather armour    |    40 |       ||    40
       Ring mail         |    26 |    12 ||    38
       Chain mail        |       |    20 ||    20
Dodge: Dodged            |    91 |    19 ||   110

Table legend: (Time is in decaauts)
 A = Elapsed time spent in this place.
 B = Non-inter-level travel time spent in this place.
 C = Inter-level travel time spent in this place.
 D = Time resting spent in this place.
 E = Time spent auto-exploring this place.
 F = Levels seen in this place.
 G = Mean time per level.
                   A        B        C        D        E       F      G
               +--------+--------+--------+--------+--------+-----+--------+
         Total |   2232 |   2169 |     63 |    109 |   1589 |   4 |  558.0 |
       Dungeon |   2232 |   2169 |     63 |    109 |   1589 |   3 |  744.0 |
         Abyss |      0 |      0 |      0 |      0 |      0 |   1 |    0.0 |
               +--------+--------+--------+--------+--------+-----+--------+

Top non-repeatable levels by time:
     D:1: 1392 daAuts
     D:2: 826 daAuts
     D:3: 13 daAuts
